 Dungeon Crawl Stone Soup version 0.27-a0-681-g0c81a3c1c3 (webtiles) character file.

Game seed: 8607475052976008011

157 jasper the Chopper (level 5, 30/33 HPs)
             Began as a Tengu Berserker on Mar 19, 2021.
             Was a Believer of Trog.
             Quit the game on level 3 of the Dungeon.
             The game lasted 00:04:20 (2324 turns).

jasper the Chopper (Tengu Berserker)                Turns: 2324, Time: 00:04:21

Health: 30/33      AC: 11    Str: 18    XL:     5   Next: 38%
Magic:  6/6        EV:  7    Int:  7    God:    Trog [**....]
Gold:   100        SH:  0    Dex: 14    Spells: 4/4 levels left

rFire    . . .     SeeInvis .   a - +0 hand axe
rCold    . . .     Faith    .   (no shield)
rNeg     . . .     Spirit   .   m - +0 plate armour
rPois    .         Reflect  .   (helmet restricted)
rElec    .         Harm     .   (no cloak)
rCorr    .         Rampage  .   (no gloves)
Will     .....                  (boots unavailable)
Stlth    ..........             (no amulet)
HPRegen  0.11/turn              (no ring)
MPRegen  0.10/turn              (no ring)

@: flying quickly and evasively, quick
A: beak, talons 3, able to fly
a: Stop Flying, Renounce Religion, Berserk, Trog's Hand


You were on level 3 of the Dungeon.
You worshipped Trog.
Trog was pleased with you.
You visited 1 branch of the dungeon, and saw 3 of its levels.

You collected 100 gold pieces.

Inventory:

Hand Weapons
 a - a +0 hand axe (weapon)
 l - a +0 flail
Missiles
 e - 77 stones (quivered)
Armour
 b - a +0 animal skin
 g - a +0 leather armour
 j - a +0 ring mail
 m - a +0 plate armour (worn)
Scrolls
 c - a scroll of holy word {unknown}
 d - a scroll of silence {unknown}
 h - 3 scrolls of teleportation {unknown}
 i - 3 scrolls of identify {unknown}
 k - a scroll of enchant weapon {unknown}
Potions
 f - 2 potions of curing


   Skills:
 + Level 3.8 Fighting
 * Level 4.7 Axes
 + Level 3.2 Armour
 + Level 3.3 Dodging


You had 4 spell levels left.
You didn't know any spells.
Your spell library was empty.

Dungeon Overview and Level Annotations

Branches:
Dungeon (3/15)

Altars:


Innate Abilities, Weirdness & Mutations

You have a beak for a mouth.
You have claws for feet.
You can fly continuously.


Message History

You now have 100 gold pieces (gained 12).
Items here: ( ) [ †.
MP restored: 6
e - 70 stones (gained 1)
Items here: ( ) [ †.
Items here: )) ††.
e - 71 stones (gained 1)
e - 72 stones (gained 1)
e - 74 stones (gained 2)
A kobold comes into view. It is wielding a +0 dagger.
The kobold shouts!
The kobold throws a stone.
The stone completely misses you.
The kobold throws a stone.
The stone hits you.
You take 2 damage, and have 31/33 hp.
The kobold throws a stone.
The stone misses you. The kobold hits you with a +0 dagger.
You take 4 damage, and have 27/33 hp.
You miss the kobold. Your kick misses the kobold. Your peck misses the kobold.
The kobold closely misses you.
You barely miss the kobold. You claw the kobold, but do no damage.
The kobold barely misses you.
You hit the kobold.
The kobold is moderately wounded.
The kobold barely misses you.
You completely miss the kobold. You claw the kobold.
You kill the kobold!
Trog accepts your kill.
e - 77 stones (gained 3)
You see here a +0 dagger.
Search for what [? for help]? plate You see here a +0 plate armour.
You regained 2 hp, and now have 29/33 hp.
m - a +0 plate armour You start removing your armour.
You continue taking off your +0 ring mail. x4
You finish taking off your +0 ring mail.
You start putting on your armour.
You continue putting on your +0 plate armour. x5
You finish putting on your +0 plate armour.
Are you sure you want to abandon this character and quit the game? (Confirm with "yes".)

.........## ##..## ##...)#
#..) ....#.....## #..#
##.....# #...
...##......###.)###......#
#...
...##....#..........#....#
#...
...##....#..........#..###
####
...##......###..###....#
######....## #..# ##...#
##..## ##..## ##..#
#..####...@####..#
#...##..##..##...#
#................#
#....############# ######


There were no monsters in sight!

Vanquished Creatures
  A phantom (D:3)
  An adder (D:3)
  A white imp (D:3)
  A dart slug (D:1)
  A leopard gecko (D:1)
  6 orcs (D:3)
  3 bats
  2 giant cockroaches (D:1)
  7 goblins
  2 hobgoblins
  3 jackals (D:1)
  7 kobolds
  3 quokkas (D:1)
  2 ball pythons (D:1)
  5 frilled lizards
  6 rats
51 creatures vanquished.

Notes
Turn   | Place    | Note
-------+----------+-------------------------------------------
     0 | D:1      | jasper the Tengu Berserker began the quest for the Orb.
     0 | D:1      | Reached XP level 1. HP: 14/14 MP: 2/2
   293 | D:1      | Reached XP level 2. HP: 19/19 MP: 3/3
  1064 | D:1      | Reached XP level 3. HP: 23/23 MP: 4/4
  1182 | D:1      | Reached ** piety under Trog
  1519 | D:2      | Noticed an ogre
  1552 | D:3      | Reached skill level 4 in Axes
  1844 | D:3      | Reached XP level 4. HP: 28/28 MP: 5/5
  2146 | D:3      | Noticed a phantom
  2153 | D:3      | Killed a phantom
  2154 | D:3      | Gained mutation: You can fly continuously. [Tengu growth]
  2154 | D:3      | Reached XP level 5. HP: 33/33 MP: 6/6
  2324 | D:3      | Quit the game

Illustrated notes

Levels and vault maps discovered:
D:1:      psy_arrival_radial01, layout_basic
D:2:      minmay_evil_eye, layout_loops_corners
D:3:      layout_rooms, palyth_stone_intersect, minmay_misc_feat_iff

Skill      XL: |  1  2  3  4 |
---------------+-------------+-----
Axes           | 4 |  4.7
Armour         | 3 |  3.2
Dodging        | 3 |  3.3
Fighting       | |  3.8

Action                   |  1- 3 |  4- 6 || total
-------------------------+-------+-------++-------
Melee: Hand axe          |    69 |    28 ||    97
       Kick              |    18 |     5 ||    23
       Peck              |    12 |     6 ||    18
Throw: Stone             |    44 |    13 ||    57
Invok: Berserk           |     3 |     1 ||     4
 Abil: Fly               |       |     1 ||     1
  Use: Potion            |     1 |       ||     1
Armor: Animal skin       |     4 |       ||     4
       Ring mail         |     1 |     5 ||     6
       Leather armour    |     1 |       ||     1
Dodge: Dodged            |    37 |    16 ||    53

Table legend: (Time is in decaauts)
 A = Elapsed time spent in this place.
 B = Non-inter-level travel time spent in this place.
 C = Inter-level travel time spent in this place.
 D = Time resting spent in this place.
 E = Time spent auto-exploring this place.
 F = Levels seen in this place.
 G = Mean time per level.
                   A        B        C        D        E       F      G
               +--------+--------+--------+--------+--------+-----+--------+
         Total |   2374 |   2344 |     30 |    633 |   1280 |   3 |  791.3 |
       Dungeon |   2374 |   2344 |     30 |    633 |   1280 |   3 |  791.3 |
               +--------+--------+--------+--------+--------+-----+--------+

Top non-repeatable levels by time:
     D:1: 1310 daAuts
     D:3: 806 daAuts
     D:2: 257 daAuts
